 Dungeon Crawl Stone Soup version 0.29-a0-284-gf9362112df (webtiles) character file.

Game seed: 6942440817627897551

1381 epen the Archer (level 8, -1/64 HPs)
             Began as a Gnoll Hunter on Mar 14, 2022.
             Was an Elder of Elyvilon.
             Killed from afar by an acid dragon (29 damage)
             ... with a splash of acid
             ... on level 6 of the Dungeon.
             The game lasted 00:05:21 (4639 turns).

epen the Archer (Gnoll Hunter)                      Turns: 4639, Time: 00:05:22

Health: -1/64      AC:  0    Str: 10    XL:     8   Next: 67%
Magic:  11/13      EV: 14    Int:  9    God:    Elyvilon [****..]
Gold:   284        SH:  0    Dex: 18    Spells: 13/13 levels left

rFire   . . .      SeeInvis .   a - +1 shortbow
rCold   . . .      Faith    .   (shield currently unavailable)
rNeg    . . .      Spirit   .   b - +0 leather armour
rPois   .          Reflect  .   (no helmet)
rElec   .          Harm     .   f - scarf {repulsion}
rCorr   .          Rampage  .   w - +0 pair of gloves
Will    .....                   (no boots)
Stlth   +++.......              (no amulet)
HPRegen 0.20/turn               (no ring)
MPRegen 0.13/turn               (no ring)

@: corroded, repel missiles
A: fangs 1, strong nose, distributed training
a: Renounce Religion, Purification, Heal Other, Heal Self


You were on level 6 of the Dungeon.
You worshipped Elyvilon.
Elyvilon was greatly pleased with you.
You visited 1 branch of the dungeon, and saw 6 of its levels.

You collected 284 gold pieces.

Inventory:

Hand Weapons
 a - a +1 shortbow (weapon)
Armour
 b - a +0 leather armour (worn)
 f - a scarf of repulsion (worn)
 w - a +0 pair of gloves (worn)
Wands
 h - a wand of flame (11)
 x - a wand of paralysis (14)
Scrolls
 c - 2 scrolls of immolation
 d - 2 scrolls of identify
 e - a scroll of brand weapon {unknown}
 i - a scroll of vulnerability {unknown}
 k - 5 scrolls of teleportation {unknown}
 l - 2 scrolls of blinking {unknown}
 o - 2 scrolls of enchant weapon {unknown}
 p - a scroll of torment {unknown}
 r - a scroll of enchant armour {unknown}
 u - a scroll of acquirement {unknown}
 v - a scroll of fear {unknown}
 y - 3 scrolls of amnesia {unknown}
Potions
 g - a potion of haste {unknown}
 j - a potion of heal wounds {unknown}
 m - a potion of curing {unknown}
 n - 2 potions of degeneration {unknown}
 q - a potion of resistance {unknown}
 s - a potion of berserk rage {unknown}
 t - 2 potions of attraction {unknown}


   Skills:
 + Level 5.8 Fighting
 + Level 3.4 Short Blades
 + Level 3.4 Long Blades
 + Level 3.4 Axes
 + Level 3.4 Maces & Flails
 + Level 3.4 Polearms
 + Level 3.4 Staves
 + Level 3.4 Slings
 + Level 9.2 Bows
 + Level 3.4 Crossbows
 + Level 3.4 Throwing
 + Level 3.4 Armour
 + Level 5.8 Dodging
 + Level 4.2 Stealth
 + Level 3.4 Shields
 + Level 3.4 Unarmed Combat
 + Level 3.4 Spellcasting
 + Level 2.8 Conjurations
 + Level 2.8 Hexes
 + Level 2.8 Summonings
 + Level 2.8 Necromancy
 + Level 2.8 Translocations
 + Level 2.8 Transmutations
 + Level 2.8 Fire Magic
 + Level 2.8 Ice Magic
 + Level 2.8 Air Magic
 + Level 2.8 Earth Magic
 + Level 2.8 Poison Magic
 + Level 3.8 Invocations
 + Level 3.4 Evocations


You had 13 spell levels left.
You didn't know any spells.
Your spell library contained the following spells:

 Spells                   Type           Power      Damage    Failure   Level
 Animate Skeleton         Necr           12%        N/A       12%         1
 Apportation              Tloc           12%        N/A       12%         1
 Foxfire                  Conj/Fire      24%        2x1d5     12%         1
 Freeze                   Ice            24%        1d5       12%         1
 Pain                     Necr           24%        1d5       12%         1
 Ensorcelled Hibernation  Hex/Ice        12%        N/A       19%         2
 Static Discharge         Conj/Air       6%         N/A       19%         2
 Conjure Flame            Conj/Fire      6%         6-21      34%         3
 Frozen Ramparts          Ice            12%        1d3       34%         3
 Inner Flame              Hex/Fire       6%         N/A       34%         3
 Spider Form              Tmut/Pois      6%         N/A       34%         3
 Vampiric Draining        Necr           6%         2d6       34%         3
 Anguish                  Hex/Necr       3%         N/A       75%         4
 Dispel Undead            Necr           6%         3d8       75%         4
 Flame Wave               Conj/Fire      6%         2d5       75%         4
 Hailstorm                Conj/Ice       6%         3d4       75%         4
 Sticky Flame             Conj/Fire      6%         2d3       75%         4
 Alistair's Intoxication  Tmut/Pois      4%         N/A       97%         5


Dungeon Overview and Level Annotations

Branches:
Dungeon (6/15)
 Temple: D:4-7

Altars:
Cheibriados
Elyvilon
Fedhas
Qazlal

Annotations:
D:3 2 runed translucent doors, cheburek's ghost, amateur FoAK
D:6 Duvessa


Innate Abilities, Weirdness & Mutations

You have very sharp teeth.
Your uncanny sense of smell can sniff out nearby items.
Your experience applies equally to all skills.


Message History

You are too injured to fight recklessly!
You are too injured to fight recklessly!
You are too injured to fight recklessly!
You are too injured to fight recklessly!
You are too injured to fight recklessly!
You are too injured to fight recklessly!
You are too injured to fight recklessly!
You are too injured to fight recklessly!
Okay, then.
You are healed.
The acid dragon bites you! The acid dragon closely misses you.
You hear an angry hiss.
Shoot: a) +1 shortbow
Press: ? - help, Shift-Dir - straight line, f/p - acid dragon
Aim: an acid dragon (heavily wounded, 68% to hit)
You shoot an arrow. The arrow hits the acid dragon.
The acid dragon is severely wounded.
The acid dragon closely misses you. x2
Shoot: a) +1 shortbow
Press: ? - help, Shift-Dir - straight line, f/p - acid dragon
Aim: an acid dragon (heavily wounded, 68% to hit)
You shoot an arrow.
The arrow barely misses the acid dragon.
The arrow hits Duvessa.
Duvessa is lightly wounded.
The black bear barely misses you. x2; The black bear misses you.
The sky beast flickers out of sight!
Deactivating autopickup; reactivate with Ctrl-A.
Something hits you. Something shocks you. The acid dragon closely misses you.
The acid dragon barely misses you.
Shoot: a) +1 shortbow
Press: ? - help, Shift-Dir - straight line, f/p - acid dragon
Aim: an acid dragon (heavily wounded, 68% to hit)
You shoot an arrow.
The arrow hits the acid dragon but does no damage.
The acid dragon is heavily wounded.
The black bear bites you! The black bear barely misses you.
The black bear closely misses you. The acid dragon spits acid at you.
The splash of acid hits you!!
You die...

#### #..###.#. .#.# ...#
#......#.##...# ...#
..... ... ..## ...#
#....♣♣.♣♣...# # ...#
#..♣..♣.♣..♣ ... ...#
#..♣♣.....♣♣.... ...##
#......_......#
....####..♣♣...{.♣♣..
....#.....♣..♣.♣@h♣
≈≈≈≈.####...♣♣.♣♣D$.....
..≈.≈...........∆.......
≈≈_≈......#>#.#....†....
..≈≈..........##........
.≈.[≈.......... ........
....##......##.#........
#.... ...... .. )......
##..#∆......


You could see a black bear and an acid dragon (catching breath).

Vanquished Creatures
  Grinder (D:3)
  3 ogres
  A phantom (D:4)
  A kobold brigand (D:6)
  A necrophage (D:5)
  2 scorpions
  Dowan (D:6)
  A jelly (D:4)
  An orc priest (D:5)
  4 hounds
  3 iguanas
  2 orc wizards (D:5)
  3 gnolls (D:5)
  11 adders
  A white imp (D:5)
  An ufetubus (D:5)
  5 worms
  2 dart slugs
  13 orcs (D:5)
  7 ball pythons
  6 endoplasms
  3 giant cockroaches
  4 goblins
  8 hobgoblins
  19 jackals
  9 kobolds
  4 quokkas
  4 bats
  13 frilled lizards
  5 rats
139 creatures vanquished.

Vanquished Creatures (others)
  3 plants (D:3)
3 creatures vanquished.

Grand Total: 142 creatures vanquished

Notes
Turn   | Place    | Note
-------+----------+-------------------------------------------
     0 | D:1      | epen the Gnoll Hunter began the quest for the Orb.
     0 | D:1      | Reached XP level 1. HP: 20/20 MP: 1/1
    53 | D:1      | Found a faded altar of an unknown god.
    70 | D:1      | Prayed at the altar of an unknown god.
    70 | D:1      | Became a worshipper of Elyvilon the Healer
    70 | D:1      | Reached * piety under Elyvilon
   155 | D:1      | Reached XP level 2. HP: 26/26 MP: 2/2
   489 | D:2      | Reached XP level 3. HP: 26/31 MP: 3/3
   562 | D:2      | Reached skill level 1 in Invocations
   693 | D:2      | Reached skill level 1 in Short Blades
   693 | D:2      | Reached skill level 1 in Long Blades
   693 | D:2      | Reached skill level 1 in Axes
   693 | D:2      | Reached skill level 1 in Maces & Flails
   693 | D:2      | Reached skill level 1 in Polearms
   693 | D:2      | Reached skill level 1 in Staves
   693 | D:2      | Reached skill level 1 in Slings
   693 | D:2      | Reached skill level 1 in Crossbows
   693 | D:2      | Reached skill level 1 in Throwing
   693 | D:2      | Reached skill level 1 in Armour
   693 | D:2      | Reached skill level 1 in Shields
   693 | D:2      | Reached skill level 1 in Unarmed Combat
   693 | D:2      | Reached skill level 1 in Spellcasting
   693 | D:2      | Reached skill level 1 in Evocations
   874 | D:2      | Reached XP level 4. HP: 38/38 MP: 5/5
  1201 | D:2      | Reached skill level 1 in Conjurations
  1201 | D:2      | Reached skill level 1 in Hexes
  1201 | D:2      | Reached skill level 1 in Summonings
  1201 | D:2      | Reached skill level 1 in Necromancy
  1201 | D:2      | Reached skill level 1 in Translocations
  1201 | D:2      | Reached skill level 1 in Transmutations
  1201 | D:2      | Reached skill level 1 in Fire Magic
  1201 | D:2      | Reached skill level 1 in Ice Magic
  1201 | D:2      | Reached skill level 1 in Air Magic
  1201 | D:2      | Reached skill level 1 in Earth Magic
  1201 | D:2      | Reached skill level 1 in Poison Magic
  1327 | D:3      | Found a large runed translucent door.
  1329 | D:3      | Found a large runed translucent door.
  1330 | D:3      | Noticed cheburek's ghost (amateur FoAK)
  1362 | D:3      | Reached ** piety under Elyvilon
  1420 | D:3      | Noticed Grinder
  1421 | D:3      | Paralysed by Grinder for 4 turns
  1443 | D:3      | Paralysed by Grinder for 5 turns
  1463 | D:3      | Paralysed by Grinder for 5 turns
  1470 | D:3      | Killed Grinder
  1471 | D:3      | Reached skill level 5 in Fighting
  1471 | D:3      | Reached skill level 5 in Dodging
  1471 | D:3      | Reached XP level 5. HP: 20/44 MP: 5/7
  1471 | D:3      | Reached XP level 6. HP: 24/51 MP: 5/8
  1816 | D:3      | Found a snail-covered altar of Cheibriados.
  2595 | D:4      | Reached XP level 7. HP: 56/56 MP: 10/10
  2876 | D:4      | Reached *** piety under Elyvilon
  3520 | D:5      | Entered Level 5 of the Dungeon
  3540 | D:5      | Reached skill level 9 in Bows
  3807 | D:5      | Reached XP level 8. HP: 50/63 MP: 12/12
  4278 | D:5      | Reached **** piety under Elyvilon
  4597 | D:6      | Found a blossoming altar of Fedhas.
  4608 | D:6      | Found a stormy altar of Qazlal.
  4619 | D:6      | Noticed Dowan
  4627 | D:6      | Killed Dowan
  4634 | D:6      | Noticed Duvessa
  4639 | D:6      | Killed from afar by an acid dragon

Illustrated notes

Levels and vault maps discovered:
D:1:      tarquinn_simple_flora_water_a, layout_basic,
          ebering_ecumenical_altar_sacrificial
D:2:      layout_loops_ring, minmay_cut_off
D:3:      layout_basic, slow_altar_2, ebering_ghost_disaster_area,
          minmay_lizard_king, uniq_grinder
D:4:      layout_basic, minmay_misc_feat_doors
D:5:      layout_loops_cross
D:6:      layout_basic, fedhas_altar_2, mainiacjoe_overflow_small_starburst,
          kb_rosetta, uniq_duvessa, uniq_menkaure

Skill      XL: |  1  2  3  4  5  6  7  8 |
---------------+-------------------------+-----
Invocations    | 1 2 3 |  3.8
Short Blades   | 1 2 3 |  3.4
Long Blades    | 1 2 3 |  3.4
Axes           | 1 2 3 |  3.4
Maces & Flails | 1 2 3 |  3.4
Polearms       | 1 2 3 |  3.4
Staves         | 1 2 3 |  3.4
Slings         | 1 2 3 |  3.4
Crossbows      | 1 2 3 |  3.4
Throwing       | 1 2 3 |  3.4
Armour         | 1 2 3 |  3.4
Shields        | 1 2 3 |  3.4
Unarmed Combat | 1 2 3 |  3.4
Spellcasting   | 1 2 3 |  3.4
Evocations     | 1 2 3 |  3.4
Conjurations   | 1 2 |  2.8
Hexes          | 1 2 |  2.8
Summonings     | 1 2 |  2.8
Necromancy     | 1 2 |  2.8
Translocations | 1 2 |  2.8
Transmutations | 1 2 |  2.8
Fire Magic     | 1 2 |  2.8
Ice Magic      | 1 2 |  2.8
Air Magic      | 1 2 |  2.8
Earth Magic    | 1 2 |  2.8
Poison Magic   | 1 2 |  2.8
Fighting       | 5 |  5.8
Dodging        | 5 |  5.8
Stealth        | 3 4 |  4.2
Bows           | 9 |  9.2

Action                   |  1- 3 |  4- 6 |  7- 9 || total
-------------------------+-------+-------+-------++-------
Melee: Unarmed           |       |    10 |       ||    10
       Punch             |       |     1 |       ||     1
 Fire: Shortbow          |    98 |   139 |   207 ||   444
Invok: Heal Self         |       |       |     2 ||     2
  Use: Potion            |       |     2 |       ||     2
       Scroll            |       |     1 |       ||     1
Armor: Leather armour    |    13 |     8 |    22 ||    43
       Skin              |       |    10 |       ||    10
Dodge: Dodged            |    39 |    34 |    93 ||   166
       Repelled          |       |       |     3 ||     3

Table legend: (Time is in decaauts)
 A = Elapsed time spent in this place.
 B = Non-inter-level travel time spent in this place.
 C = Inter-level travel time spent in this place.
 D = Time resting spent in this place.
 E = Time spent auto-exploring this place.
 F = Levels seen in this place.
 G = Mean time per level.
                   A        B        C        D        E       F      G
               +--------+--------+--------+--------+--------+-----+--------+
         Total |   4681 |   4555 |    126 |    213 |   3575 |   6 |  780.2 |
       Dungeon |   4681 |   4555 |    126 |    213 |   3575 |   6 |  780.2 |
               +--------+--------+--------+--------+--------+-----+--------+

Top non-repeatable levels by time:
     D:3: 1162 daAuts
     D:4: 1137 daAuts
     D:5: 1006 daAuts
     D:2: 758 daAuts
     D:1: 488 daAuts
     D:6: 127 daAuts
